 Dungeon Crawl Stone Soup version 0.29-a0-330-g52719c12eb (webtiles) character file.

Game seed: 2903452340478406123

476 mopl the Twirler (level 6, 0/50 HPs)
             Began as a Palentonga Gladiator on Apr 15, 2022.
             Slain by an orc
             ... wielding a +0 dagger of electrocution
              (12 damage)
             ... on level 6 of the Dungeon.
             The game lasted 00:06:03 (4241 turns).

mopl the Twirler (Palentonga Gladiator)             Turns: 4241, Time: 00:06:04

Health: 0/50       AC: 16    Str: 19    XL:     6   Next: 84%
Magic:  15/15      EV:  4    Int:  9    God:
Gold:   266        SH:  0    Dex: 11    Spells: 5/5 levels left

rFire   . . .      SeeInvis +   a - +0 quarterstaff
rCold   . . .      Faith    .   (shield currently unavailable)
rNeg    + . .      Spirit   .   h - +1 plate armour {rN+}
rPois   .          Reflect  .   c - +0 helmet
rElec   .          Harm     .   (no cloak)
rCorr   .          Rampage  .   l - +0 pair of gloves
Will    .....                   (no barding)
Stlth   ..........              (no amulet)
HPRegen 0.16/turn               B - +4 ring of protection
MPRegen 0.14/turn               G - ring of magical power

@: no status effects
A: large, rugged brown scales 3, see invisible, deformed body, roll 1, armoured
tail
a: Rolling Charge


You were on level 6 of the Dungeon.
You visited 1 branch of the dungeon, and saw 6 of its levels.

You collected 266 gold pieces.

Inventory:

Hand Weapons
 a - a +0 quarterstaff (weapon)
 b - a +0 hunting sling
 w - a +1 hand axe of freezing
 F - a +0 short sword of venom
Missiles
 d - 2 throwing nets (quivered)
 e - a javelin
 f - 83 stones
 v - a boomerang
Armour
 c - a +0 helmet (worn)
 h - a +1 plate armour of positive energy (worn)
 l - a +0 pair of gloves (worn)
Magical Staves
 n - a staff of death
Jewellery
 B - a +4 ring of protection (left hand)
 G - a ring of magical power (right hand)
Wands
 D - a wand of mindburst (5)
Scrolls
 k - a scroll of blinking {unknown}
 p - 2 scrolls of teleportation {unknown}
 q - a scroll of enchant weapon {unknown}
 s - 2 scrolls of immolation {unknown}
 u - 2 scrolls of identify {unknown}
 y - a scroll of vulnerability {unknown}
 z - 2 scrolls of fear {unknown}
 E - 2 scrolls of magic mapping {unknown}
Potions
 g - 2 potions of might {unknown}
 i - a potion of magic {unknown}
 j - 2 potions of curing {unknown}
 m - a potion of invisibility {unknown}
 o - a potion of attraction {unknown}
 r - a potion of ambrosia {unknown}
 t - a potion of cancellation {unknown}
 x - a potion of degeneration {unknown}
 A - a potion of mutation {unknown}
 C - a potion of heal wounds {unknown}
 H - a potion of resistance {unknown}


   Skills:
 + Level 3.3 Fighting
 * Level 4.9 Staves
 + Level 2.4 Throwing
 + Level 2.0 Armour
 + Level 3.3 Dodging
 + Level 1.7 Evocations


You had 5 spell levels left.
You didn't know any spells.
Your spell library contained the following spells:

 Spells                   Type           Power      Damage    Failure   Level
 Sting                    Tmut/Pois      0%         1d3       100%        1
 Corpse Rot               Necr/Air       0%         N/A       100%        2
 Poisonous Vapours        Pois/Air       0%         N/A       100%        2
 Gell's Gravitas          Tloc           0%         N/A       100%        3
 Lesser Beckoning         Tloc           0%         N/A       100%        3
 Ozocubu's Armour         Ice            0%         N/A       100%        3
 Teleport Other           Tloc           0%         N/A       100%        3
 Dispel Undead            Necr           0%         3d6       100%        4
 Olgreb's Toxic Radiance  Pois           0%         N/A       100%        4
 Metabolic Englaciation   Hex/Ice        0%         N/A       100%        5
 Death Channel            Necr           0%         N/A       100%        6
 Simulacrum               Ice/Necr       0%         N/A       100%        6


Dungeon Overview and Level Annotations

Branches:
Dungeon (6/15)
 Temple: D:4-7

Altars:
Ashenzari

Annotations:
D:3 2 transporters, kae's ghost, amateur TeFE
D:4 bb, Menkaure


Innate Abilities, Weirdness & Mutations

You are completely covered in rugged brown scales. (AC +3, +7% HP)
You have supernaturally acute eyesight. (SInv)
Armour fits poorly on your strangely shaped body.
You can roll at nearby foes to attack.
You have a long armoured tail.


Message History

Aim: an orc warrior, wielding a +0 war axe and wearing a +0 chain mail (heavily wounded, chance to affect: 72%)
The orc warrior struggles to resist.
Unknown command.
Aiming: Mindburst
Press: ? - help, Shift-Dir - straight line, f/p - orc warrior
Aim: an orc warrior, wielding a +0 war axe and wearing a +0 chain mail (heavily wounded, chance to affect: 72%)
The orc warrior struggles to resist.
Unknown command.
Roll where?
Press: ? - help, Dir - move target, f/p - orc warrior
Aim: an orc warrior, wielding a +0 war axe and wearing a +0 chain mail (heavily wounded)
You roll forward with a clatter of scales!
You hit the orc warrior but do no damage.
The orc warrior is heavily wounded.
The orc warrior hits you with a +0 war axe.
You closely miss the orc warrior.
The orc warrior is heavily wounded.
The orc warrior hits you with a +0 war axe!
You sock the orc warrior!
The orc warrior is almost dead.
The orc warrior hits you but does no damage.
The orc hits you with a +0 dagger of electrocution.
You hit the orc warrior but do no damage.
The orc warrior is almost dead.
The orc warrior barely misses you. The orc hits you but does no damage.
You are electrocuted!
You are too injured to fight recklessly!
You hit the orc warrior.
The orc warrior is almost dead.
The orc warrior hits you with a +0 war axe.
* * * LOW HITPOINT WARNING * * *
The orc hits you but does no damage.
Aiming: Mindburst
Press: ? - help, Shift-Dir - straight line, f/p - orc warrior
Aim: an orc warrior, wielding a +0 war axe and wearing a +0 chain mail (almost dead, chance to affect: 72%)
The orc warrior struggles to resist.
The orc warrior barely misses you.
The orc hits you with a +0 dagger of electrocution.
* * * LOW HITPOINT WARNING * * *
You are electrocuted!
You die...

#.........)...#
#...#...#####.#
#.#...#..#### .
#..##........#
#.###........# #.
##.....<..#
##...........###
#....###....o.######
#.... #####o@.<...#
+.o.. #.......<....#
#... ..####.......#
#########


You could see an orc warrior and an orc.

Vanquished Creatures
  An ice beast (D:5)
  A phantom (D:5)
  A kobold brigand (D:5)
  A gnoll shaman (D:5)
  An iguana (D:3)
  3 orc wizards (D:5)
  A gnoll (D:5)
  2 adders (D:3)
  2 white imps (D:5)
  2 worms (D:3)
  A dart slug (D:2)
  10 orcs
  3 bats
  4 endoplasms
  A giant cockroach (D:3)
  A goblin (D:3)
  5 hobgoblins
  7 kobolds
  3 quokkas
  6 ball pythons
  3 frilled lizards
  9 rats
68 creatures vanquished.

Vanquished Creatures (others)
  2 plants (D:4)
2 creatures vanquished.

Grand Total: 70 creatures vanquished

Notes
Turn   | Place    | Note
-------+----------+-------------------------------------------
     0 | D:1      | mopl the Palentonga Gladiator began the quest for the Orb.
     0 | D:1      | Reached XP level 1. HP: 17/17 MP: 1/1
    55 | D:1      | Reached XP level 2. HP: 22/23 MP: 2/2
    59 | D:1      | Found a faded altar of an unknown god.
    67 | D:1      | Prayed at the altar of an unknown god.
    67 | D:1      | Became a worshipper of Ashenzari the Shackled
    68 | D:1      | Fell from the grace of Ashenzari
  1219 | D:2      | Reached XP level 3. HP: 28/28 MP: 3/3
  1555 | D:3      | Found a transporter.
  1558 | D:3      | Noticed kae's ghost (amateur TeFE)
  1814 | D:3      | Found a transporter.
  1834 | D:3      | Reached skill level 1 in Armour
  2238 | D:3      | Was forgiven by Ashenzari
  2238 | D:3      | Reached XP level 4. HP: 35/36 MP: 4/4
  2465 | D:4      | Noticed an orc warrior
  2499 | D:4      | Noticed an ogre
  2695 | D:4      | Noticed a +0 falchion
  2699 | D:4      | Noticed Menkaure
  2701 | D:4      | Noticed a black bear
  2704 | D:4      | Noticed a +0 falchion
  2740 | D:5      | Entered Level 5 of the Dungeon
  2869 | D:5      | Reached skill level 4 in Staves
  2869 | D:5      | Reached skill level 2 in Throwing
  2870 | D:5      | Reached XP level 5. HP: 39/41 MP: 5/5
  2946 | D:5      | Reached skill level 3 in Dodging
  2946 | D:5      | Reached skill level 1 in Evocations
  3242 | D:5      | Reached skill level 3 in Fighting
  3270 | D:5      | Reached XP level 6. HP: 36/50 MP: 6/6
  3996 | D:6      | Noticed an ice beast
  4016 | D:6      | Noticed an orc warrior
  4028 | D:5      | Killed an ice beast
  4029 | D:5      | Reached skill level 2 in Armour
  4241 | D:6      | Slain by an orc

Illustrated notes

Levels and vault maps discovered:
D:1:      amcnicky_arrival_blooded_trapdoor, layout_rooms,
          ebering_ecumenical_altar_petrified, minivault_5
D:2:      layout_loops_corners, minmay_quadrilaterals
D:3:      layout_loops_ring, gammafunk_ghost_mausoleum, serial_aquarium,
          aquarium_bridge_long_joined [aquarium_subvault_bridge,
          aquarium_subvault_bridge, aquarium_subvault_bridge,
          aquarium_subvault_window, aquarium_subvault_balcony,
          aquarium_subvault_window], aquarium_bridge_island_small
          [aquarium_subvault_small_open, aquarium_subvault_window,
          aquarium_subvault_wall, aquarium_subvault_wall,
          aquarium_subvault_bridge], aquarium_window_corridor_1,
          aquarium_window_2, aquarium_window_1, aquarium_view_2c,
          aquarium_pool_side
D:4:      layout_cave_pools, nzn_hepliaklqana_mist_gate,
          nicolae_uskayaw_en_pointe, serial_forest,
          infiniplex_forest_lined_room_, infiniplex_forest_lined_1,
          infiniplex_forest_clump_double, infiniplex_forest_end_2,
          infiniplex_forest_end_double, infiniplex_forest_clump_curved,
          st_stairs_12, uniq_menkaure
D:5:      layout_rooms, kennysheep_big_empty_room, dk_noncrumbling_3
D:6:      layout_rooms, minmay_temple_entry_hall, nicolae_shop_self_help

Skill      XL: |  1  2  3  4  5  6 |
---------------+-------------------+-----
Armour         | 1 2 |  2.0
Staves         | 4 |  4.9
Throwing       | 2 |  2.4
Dodging        | 3 |  3.3
Evocations     | 1 |  1.7
Fighting       | 3 |  3.3

Action                   |  1- 3 |  4- 6 || total
-------------------------+-------+-------++-------
Melee: Quarterstaff      |    79 |   112 ||   191
       Tailslap          |     7 |    19 ||    26
Throw: Throwing net      |       |     1 ||     1
Invok: Renounce Religion |     1 |       ||     1
 Abil: Rolling Charge    |     9 |     2 ||    11
Evoke: Wand              |       |     4 ||     4
Armor: Leather armour    |     4 |       ||     4
       Plate armour      |    34 |    99 ||   133
Dodge: Dodged            |    13 |    20 ||    33

Table legend: (Time is in decaauts)
 A = Elapsed time spent in this place.
 B = Non-inter-level travel time spent in this place.
 C = Inter-level travel time spent in this place.
 D = Time resting spent in this place.
 E = Time spent auto-exploring this place.
 F = Levels seen in this place.
 G = Mean time per level.
                   A        B        C        D        E       F      G
               +--------+--------+--------+--------+--------+-----+--------+
         Total |   4272 |   4095 |    177 |   1075 |   2355 |   6 |  712.0 |
       Dungeon |   4272 |   4095 |    177 |   1075 |   2355 |   6 |  712.0 |
               +--------+--------+--------+--------+--------+-----+--------+

Top non-repeatable levels by time:
     D:5: 1331 daAuts
     D:3: 1107 daAuts
     D:2: 908 daAuts
     D:1: 612 daAuts
     D:6: 159 daAuts
     D:4: 153 daAuts
